Map: Thunderbird LE

Players

TLO

  • Race: Zerg Zerg
  • Spawn Location: 11:00

ShaDoWn - Winner!

  • Race: Protoss Protoss
  • Spawn Location: 5:00

VOD

Have the link to the VOD?

Description

Time

  • Played on: Sept. 6, 2019, 12:57 p.m.
  • Length: 14:21
Show
View Real Time Build Order
Export as new Build Order

TLO Zerg 

Build Orders: Hatch First, Roach Hydra 

Get SALT Encoding   

  12  0:00  Drone  
  13  0:12  Overlord  
  13  0:16  Drone  
  14  0:30  Drone  
  14  0:31  Drone  
  16  0:48  Hatchery  
  15  0:52  Drone  
  15  0:55  Drone  
  17  1:11  Spawning Pool, Drone  
  17  1:15  Drone  
  17  1:18  Extractor  
  17  1:20  Drone  
  18  1:29  Drone  
  19  1:38  Drone  
  20  1:49  Overlord  
  20  1:57  Queen  
  20  2:00  Queen  
  24  2:01  Zergling x2  
  24  2:03  Zergling x2  
  26  2:12  Drone x2  
  28  2:22  Drone, Metabolic Boost  
  29  2:24  Drone  
  30  2:37  Hatchery  
  29  2:38  Drone  
  30  2:47  Zergling x2, Queen  
  32  2:57  Overlord  
  32  2:59  Drone  
  32  3:00  Drone  
  32  3:04  Zergling x2  
  35  3:06  Drone  
  35  3:09  Overlord  
  36  3:14  Overlord  
  36  3:16  Spore Crawler  
  36  3:17  Drone  
  36  3:20  Drone  
  36  3:22  Drone x2  
  39  3:27  Spore Crawler  
  39  3:29  Drone  
  39  3:30  Drone  
  39  3:32  Drone  
  41  3:35  Drone  
  42  3:41  Overlord  
  42  3:44  Drone  
  42  3:45  Drone  
  44  3:50  Queen  
  44  3:51  Drone  
  47  3:55  Spore Crawler  
  47  3:56  Overlord  
  47  3:58  Drone  
  44  4:04  Drone x3  
  44  4:06  Drone  
  44  4:07  Drone  
  50  4:10  Drone  
  50  4:12  Drone  
  50  4:13  Drone  
  50  4:15  Pneumatized Carapace  
  52  4:19  Drone  
  52  4:20  Drone  
  52  4:21  Drone  
  52  4:22  Drone  
  56  4:25  Drone  
  56  4:26  Drone  
  56  4:29  Drone x3  
  62  4:31  Drone  
  62  4:33  Drone  
  62  4:34  Drone  
  61  4:41  Drone  
  61  4:42  Drone  
  63  4:45  Overlord  
  63  4:46  Drone x2  
  63  4:48  Lair  
  63  4:50  Extractor  
  63  4:51  Drone, Extractor  
  64  4:53  Extractor  
  64  4:56  Drone  
  64  4:58  Drone  
  64  4:59  Roach Warren, Drone  
  65  5:01  Drone  
  65  5:02  Drone  
  65  5:04  Drone  
  67  5:07  Zergling x4  
  67  5:09  Evolution Chamber  
  67  5:13  Drone  
  68  5:14  Drone x2  
  68  5:15  Spore Crawler, Drone  
  68  5:18  Drone  
  68  5:19  Spore Crawler, Drone  
  70  5:22  Spore Crawler  
  70  5:23  Drone  
  70  5:25  Drone  
  70  5:26  Drone  
  70  5:27  Drone  
  73  5:30  Drone  
  73  5:33  Drone x2, Extractor  
  73  5:35  Extractor, Drone x2  
  78  5:36  Overlord  
  78  5:43  Zerg Missile Weapons Level 1, Evolution Chamber  
  78  5:44  Drone x2  
  78  5:47  Glial Reconstitution  
  78  5:48  Hydralisk Den  
  76  5:51  Drone  
  76  5:56  Roach  
  78  5:57  Roach  
  78  5:58  Roach  
  78  6:01  Roach x2  
  78  6:04  Roach  
  88  6:05  Roach  
  88  6:09  Overseer  
  90  6:15  Hatchery  
  90  6:16  Zerg Ground Armor Level 1  
  89  6:23  Grooved Spines, Overlord  
  89  6:24  Overlord, Drone  
  90  6:26  Overlord  
  90  6:33  Overlord x2  
  90  6:37  Overlord  
  90  6:41  Overlord x2  
  90  6:42  Hydralisk  
  90  6:44  Drone  
  90  6:45  Drone  
  90  6:46  Hydralisk  
  94  6:47  Hydralisk  
  94  6:50  Hydralisk  
  94  6:53  Hydralisk  
  102  6:57  Drone  
  102  6:59  Drone x2  
  102  7:01  Hydralisk x2  
  102  7:05  Hydralisk  
  106  7:08  Drone  
  106  7:09  Drone x2  
  106  7:12  Overlord  
  109  7:16  Infestation Pit, Roach  
  109  7:19  Drone  
  109  7:20  Spore Crawler  
  110  7:23  Hydralisk  
  110  7:24  Overlord  
  110  7:29  Hydralisk  
  112  7:32  Drone  
  112  7:34  Muscular Augments, Drone x3  
  118  7:39  Hydralisk x2  
  122  7:45  Hydralisk x2  
  122  7:46  Hydralisk  
  122  7:50  Hydralisk  
  130  7:55  Hive  
  130  7:58  Extractor, Zerg Missile Weapons Level 2  
  129  8:11  Roach x3  
  129  8:12  Roach x4, Hydralisk  
  143  8:15  Overlord  
  143  8:18  Overlord  
  145  8:21  Overlord  
  145  8:24  Zerg Ground Armor Level 2  
  145  8:28  Hydralisk  
  145  8:29  Hydralisk  
  145  8:30  Hydralisk  
  145  8:32  Roach  
  145  8:34  Roach  
  153  8:38  Hydralisk x2  
  153  8:40  Roach  
  153  8:43  Hydralisk  
  153  8:45  Roach  
  153  8:46  Roach x2  
  156  8:49  Hydralisk  
  156  8:50  Hydralisk  
  158  8:55  Hydralisk  
  158  8:57  Hydralisk x2  
  158  9:00  Overlord  
  158  9:01  Roach  
  166  9:03  Roach  
  166  9:04  Roach  
  166  9:07  Overseer  
  166  9:08  Overlord  
  166  9:09  Roach  
  171  9:10  Extractor  
  171  9:11  Hydralisk  
  171  9:14  Roach  
  171  9:16  Roach  
  176  9:18  Roach  
  176  9:19  Roach  
  176  9:23  Roach x2  
  184  9:25  Roach  
  184  9:28  Roach  
  184  9:30  Roach x2  
  192  9:33  Roach  
  192  9:35  Roach  
  192  9:36  Roach  
  198  9:41  Roach  
  198  9:42  Roach  
  198  9:44  Roach  
  196  9:46  Roach x2  
  196  9:47  Roach  
  198  9:58  Overlord  
  195  10:00  Overlord  
  195  10:01  Hydralisk  
  195  10:03  Overlord x2  
  191  10:08  Overlord  
  191  10:10  Overlord  
  189  10:14  Viper  
  189  10:17  Overlord  
  189  10:18  Viper x3  
  189  10:21  Zergling x4  
  199  10:25  Hydralisk x2  
  199  10:26  Roach  
  194  10:29  Roach  
  194  10:30  Roach x2  
  194  10:34  Roach x2  
  194  10:35  Roach  
  194  10:38  Hydralisk  
  194  10:41  Hydralisk  
  194  10:42  Hydralisk  
  196  10:46  Overlord  
  198  10:52  Zerg Missile Weapons Level 3  
  198  10:53  Overlord  
  198  10:54  Roach  
  200  10:58  Spore Crawler  
  200  11:02  Hydralisk  
  199  11:14  Spire  
  198  11:19  Roach  
  198  11:25  Overseer x2  
  199  11:30  Roach  
  198  11:43  Hydralisk x2  
  198  11:44  Hydralisk x2  
  184  11:55  Hydralisk x9  
  184  11:58  Roach x2  
  184  11:59  Roach  
  198  12:02  Hydralisk  
  198  12:04  Hydralisk  
  198  12:07  Roach  
  198  12:17  Roach x2  
  198  12:22  Hydralisk x2  
  195  12:26  Roach x3  
  187  12:32  Drone x3  
  187  12:33  Drone, Roach  
  187  12:34  Roach  
  193  12:39  Roach x2  
  197  12:46  Spine Crawler x2  
  197  12:49  Roach x2  
  197  12:50  Overseer x2  
  199  12:58  Roach  
  193  12:59  Roach  
  195  13:05  Roach  
  195  13:06  Roach  
  195  13:07  Roach  
  195  13:08  Roach  
  195  13:10  Roach  
  195  13:11  Roach  
  193  13:13  Roach  
  193  13:15  Roach  
  193  13:18  Roach  
  148  13:23  Roach  
  148  13:24  Roach  
  130  13:27  Roach  
  130  13:31  Roach  
  130  13:32  Roach  
  134  13:37  Roach x2  
  134  13:41  Roach  
  124  13:43  Roach  
  124  13:47  Roach  
  114  13:52  Hydralisk  
  114  13:53  Zergling x2  
  114  13:54  Zergling x12  
  111  13:56  Roach  
  111  14:00  Roach  
Show
View Real Time Build Order
Export as new Build Order

ShaDoWn Protoss - Winner!

Build Orders: 1 Gate Expand, Oracle Opening, Archon Immortal 

Get SALT Encoding   

  12  0:00  Probe  
  13  0:12  Probe  
  14  0:21  Pylon  
  14  0:24  Probe  
  15  0:31  Assimilator  
  15  0:36  Probe  
  16  0:44  Gateway, Probe  
  17  0:53  Probe  
  18  1:05  Probe  
  19  1:18  Probe  
  20  1:25  Nexus  
  20  1:33  Cybernetics Core  
  20  1:36  Probe  
  21  1:42  Assimilator  
  21  1:48  Probe  
  21  1:51  Pylon  
  22  1:59  Adept  
  22  2:00  Probe  
  23  2:13  Probe  
  23  2:14  Stargate  
  26  2:25  Probe  
  26  2:29  Stalker  
  29  2:30  Warp Gate  
  29  2:33  Probe x2  
  30  2:41  Probe x2  
  31  2:51  Oracle, Probe x2  
  34  3:03  Probe x2  
  39  3:06  Pylon  
  39  3:15  Probe x2  
  41  3:22  Oracle  
  41  3:27  Probe x2  
  46  3:39  Probe x2  
  48  3:41  Gateway  
  48  3:43  Pylon  
  48  3:48  Robotics Facility  
  48  3:51  Probe x2  
  50  4:03  Probe  
  50  4:04  Probe, Nexus  
  52  4:10  Assimilator  
  52  4:11  Assimilator  
  52  4:15  Probe  
  52  4:16  Probe  
  54  4:18  Adept  
  54  4:23  Pylon  
  56  4:28  Immortal, Probe  
  56  4:29  Probe  
  62  4:41  Probe x2  
  62  4:42  Pylon  
  62  4:45  Sentry x2  
  68  4:47  Pylon  
  68  4:53  Probe x2  
  68  4:58  Pylon  
  68  4:59  Forge  
  70  5:00  Twilight Council  
  70  5:05  Probe x2  
  72  5:07  Immortal  
  72  5:09  Pylon  
  72  5:17  Probe  
  75  5:21  Protoss Ground Weapons Level 1  
  75  5:22  Probe  
  75  5:24  Probe  
  75  5:29  Probe  
  75  5:30  Gateway  
  75  5:33  Phoenix  
  75  5:34  Blink, Probe  
  79  5:38  Immortal  
  79  5:39  Probe  
  80  5:44  Probe  
  85  5:53  Probe  
  85  5:54  Probe  
  87  5:59  Gateway x2  
  87  6:04  Gateway  
  87  6:07  Warp Prism, Gateway, Probe x3  
  87  6:09  Assimilator  
  90  6:11  Assimilator  
  92  6:19  Probe  
  92  6:20  Pylon  
  92  6:23  Probe  
  94  6:31  Templar Archives, Gateway  
  94  6:32  Gateway  
  94  6:38  Zealot x3  
  100  6:43  Immortal  
  104  6:55  Psionic Storm  
  104  7:08  Nexus  
  104  7:10  Pylon  
  104  7:15  High Templar x4  
  112  7:16  Zealot x3  
  118  7:23  Immortal  
  118  7:26  Pylon, Protoss Ground Weapons Level 2  
  122  7:30  Charge  
  122  7:32  Probe  
  123  7:43  Probe, Assimilator  
  124  7:47  Gateway  
  124  7:48  Assimilator  
  124  7:49  High Templar  
  124  7:50  High Templar  
  128  7:52  Probe x2  
  128  7:55  Probe  
  128  7:58  Pylon  
  131  8:02  Stalker x2  
  131  8:04  Probe  
  136  8:11  Observer  
  140  8:12  Photon Cannon  
  140  8:14  Shield Battery, Photon Cannon  
  137  8:21  Zealot x4  
  145  8:27  Photon Cannon  
  145  8:28  Stalker  
  145  8:29  Stalker x4  
  152  8:50  Stalker x4  
  158  8:57  Pylon x2  
  158  9:09  Pylon  
  158  9:10  Pylon  
  158  9:13  High Templar x3  
  158  9:15  Pylon  
  158  9:16  Pylon, Archon  
  164  9:17  Pylon  
  164  9:23  Zealot, High Templar x2  
  164  9:24  Zealot x3  
  176  9:26  Warp Prism  
  176  9:31  Pylon, Archon  
  178  9:39  Nexus  
  178  9:41  Pylon  
  169  9:53  Stalker x4  
  165  10:02  Immortal, Robotics Facility  
  167  10:13  Zealot x4  
  175  10:15  Zealot  
  175  10:16  Zealot x2  
  175  10:17  Zealot x2  
  171  10:21  Protoss Ground Weapons Level 3  
  161  10:35  Warp Prism  
  155  10:37  High Templar x4  
  155  10:49  Immortal, Photon Cannon  
  157  10:50  Photon Cannon  
  157  10:51  Archon x2  
  157  10:53  Photon Cannon, Shield Battery  
  157  11:00  High Templar x3  
  157  11:01  High Templar  
  169  11:04  Archon  
  169  11:06  Archon  
  169  11:07  Zealot  
  171  11:11  Fleet Beacon  
  171  11:19  Assimilator x2  
  171  11:24  High Templar x2  
  175  11:30  Immortal  
  175  11:31  Immortal  
  181  11:33  Zealot x6  
  181  11:35  Zealot  
  181  11:51  Mothership  
  175  11:56  Zealot x6  
  175  11:57  Zealot x3  
  179  12:07  Probe  
  176  12:11  Observer  
  175  12:18  Immortal  
  169  12:29  High Templar x5  
  165  12:32  Immortal  
  161  12:50  Pylon, Zealot x3  
  167  12:57  Immortal  
  169  13:01  Archon  
  169  13:07  Immortal, Zealot x6  
  155  13:22  Archon  
  155  13:23  Zealot x3  
  155  13:26  Archon  
  125  13:27  Immortal  
  125  13:28  Zealot x4  
  125  13:29  Zealot  
  117  13:38  Zealot  
  117  13:41  Immortal  
  111  13:44  Zealot x2  
  111  13:47  Zealot  
  109  13:50  Zealot x2  
  109  13:53  Zealot  
  109  13:56  Zealot  
  109  13:59  Zealot  
  102  14:07  Zealot x2  
  102  14:08  Zealot  
  105  14:12  Zealot  
  105  14:14  Zealot  
  103  14:21  High Templar  
Tags
 
Add a new tag
Caveats
  • Supply blocks, unpowered buildings, or Contaminate may cause inaccurate times.
  • Supply counts are checked every 10 seconds.